 Dungeon Crawl Stone Soup version 0.31.0-32-g396128a36d (webtiles) character file.

Game seed: 7287948448792893819

9153 jaazzh the Thaumaturge (level 11, -4/52 (54) HPs)
             Began as a Deep Elf Conjurer on Apr 2, 2024.
             Was an Elder of Sif Muna.
             Killed from afar by an orc sorcerer (20 damage)
             ... with a bolt of negative energy
             ... led by an orc knight
             ... on level 2 of the Orcish Mines.
             The game lasted 01:21:58 (10383 turns).

jaazzh the Thaumaturge (Deep Elf Conjurer)         Turns: 10383, Time: 01:21:59

HP:   -4/52 (54)    AC:  7    Str:  9    XL:     11   Next: 19%
MP:   21/37         EV: 15    Int: 26    God:    Sif Muna [****..]
Gold: 725           SH:  0    Dex: 19    Spells: 19/32 levels left

rFire   . . .        r - +6 sling "Giantslayer" {flame, rC+ MP+9 Str+5 Int-2}
rCold   + + .        (no shield)
rNeg    . . .        g - +2 robe {rC+}
rPois   .            (no helmet)
rElec   .            B - +0 cloak
rCorr   .            E - +0 pair of gloves
SInv    .            h - +0 pair of boots
Will    +....        q - amulet of magic regeneration
Stlth   +++          C - +6 ring of dexterity
HPRegen 0.28/turn    (no ring)
MPRegen 0.65/turn

%: no passive effects
@: lightly drained
A: no striking features
a: Renounce Religion, Channel Magic, Forget Spell, Divine Exegesis


You were on level 2 of the Orcish Mines.
You worshipped Sif Muna.
Sif Muna was greatly pleased with you.
You visited 4 branches of the dungeon, and saw 13 of its levels.

You collected 767 gold pieces.
You spent 42 gold pieces at shops.

Inventory:

Hand Weapons
 r - the +6 sling "Giantslayer" (weapon) {flame, rC+ MP+9 Str+5 Int-2}
   (You found it on level 4 of the Dungeon)

   Str+5:     It affects your strength (+5).
   Int-2:     It affects your intelligence (-2).
   rC+:       It protects you from cold.
   MP+9:      It affects your magic capacity (+9).
 u - a +6 dagger of pain
Missiles
 l - a throwing net
Armour
 g - a +2 robe of cold resistance (worn)
 h - a +0 pair of boots (worn)
 B - a +0 cloak (worn)
 E - a +0 pair of gloves (worn)
Magical Staves
 A - a staff of earth
Jewellery
 q - an amulet of magic regeneration (around neck)
 C - a +6 ring of dexterity (left hand)
Talismans
 x - a beast talisman
 G - a blade talisman
Wands
 p - a wand of polymorph (18)
 t - a wand of flame (7)
 y - a wand of acid (25)
Scrolls
 c - 2 scrolls of revelation {unknown}
 e - 3 scrolls of silence
 f - a scroll of brand weapon {unknown}
 i - 2 scrolls of amnesia {unknown}
 k - a scroll of torment {unknown}
 m - 2 scrolls of noise {unknown}
 o - 5 scrolls of teleportation
 s - a scroll of enchant weapon {unknown}
 v - 4 scrolls of blinking {unknown}
 D - 2 scrolls of immolation {unknown}
 F - a scroll of vulnerability {unknown}
Potions
 d - 9 potions of curing
 j - 2 potions of heal wounds
 n - 4 potions of might
 w - 2 potions of attraction {unknown}
 z - a potion of mutation {unknown}


   Skills:
 - Level 3.1 Ranged Weapons
 - Level 5.5 Dodging
 - Level 3.5 Stealth
 - Level 11.0 Spellcasting
 + Level 9.4 Conjurations
 - Level 5.3 Summonings
 - Level 7.5 Translocations
 + Level 9.3 Ice Magic
 + Level 3.0 Invocations


You had 19 spell levels left.
You knew the following spells:

 Your Spells              Type           Power      Damage    Failure   Level
a - Magic Dart            Conj           100%       1d8       1%          1
b - Searing Ray           Conj           100%       2d8       1%          2
c - Hailstorm             Conj/Ice       59%        3d11      1%          3
d - Iskenderun's Mystic   Conj/Tloc      56%        2d12      1%          4
e - Summon Ice Beast      Ice/Summ       51%        N/A       1%          3

Your spell library contained the following spells:

 Spells                   Type           Power      Damage    Failure   Level
 Freeze                   Ice            100%       1d10      1%          1
 Summon Small Mammal      Summ           100%       N/A       1%          1
 Call Canine Familiar     Summ           42%        N/A       1%          3
 Frozen Ramparts          Ice            100%       1d16      1%          3
 Slow                     Hex            56%        N/A       4%          1
 Fulminant Prism          Conj/Alch      19%        3d10      6%          4
 Confusing Touch          Hex            14%        N/A       12%         3
 Sigil of Binding         Hex            14%        N/A       12%         3
 Vampiric Draining        Necr           14%        2d7       12%         3
 Summon Blazeheart Golem  Fire/Summ      28%        N/A       14%         4
 Sculpt Simulacrum        Ice/Alch       19%        N/A       67%         6


Dungeon Overview and Level Annotations

Branches:
Dungeon (9/15)             Temple (1/1) D:6            Lair (1/5) D:8
    Orc (2/2) D:9             Elf (0/3) Orc:2

Altars:
Cheibriados
Dithmenos
Fedhas
Gozag
Hepliaklqana
Kikubaaqudgha
Makhleb
Nemelex Xobeh
Okawaru
Qazlal
Ru
Sif Muna
Trog
Uskayaw
Vehumet
Wu Jian
Xom
Yredelemnul
Zin
The Shining One

Shops:
D:2 !(   D:6 *

Annotations:
D:3 1 runed translucent door, Crazy Yiuf, Grinder, Natasha
Lair:1 Urug


Message History

The orc warrior is severely wounded.
The orc warrior is knocked back by the mystic blast.
You feel much better.
An orc sorcerer comes into view.
It is wielding a +0 dagger and wearing a +0 robe of willpower.
The deep elf pyromancer gestures wildly while chanting.
Casting: Iskenderun's Mystic Blast (dangerous; 1% risk of failure)
Confirm with . or Enter, or press ? or * to list all spells.
Casting: Hailstorm (safe; 1% risk of failure)
Press: ? - help, Dir - look around, f - activate A cannonade of hail descends around you!
The hail pelts the orc warrior!!
You kill the orc warrior!
Sif Muna accepts your kill.
The hail misses the fire elemental.
The hail pelts the orc priest!
You kill the orc priest!
Sif Muna accepts your kill. The fire elemental hits you.
The fire elemental burns you!
Your magical contamination has completely faded away.
Your Invocations skill increases to level 3!
The fire elemental barely misses you. The fire elemental barely misses you.
The fire elemental closely misses you.
Casting: Hailstorm (safe; 1% risk of failure)
Confirm with . or Enter, or press ? or * to list all spells.
A chill wind blows around you. The fire elemental closely misses you.
The fire elemental hits you. The fire elemental burns you!
* * * LOW HITPOINT WARNING * * *
Your ice beast hits the fire elemental.
Your ice beast freezes the fire elemental!!
The fire elemental is frozen!
Your ice beast closely misses the fire elemental.
The fire elemental closely misses you.
Your ice beast hits the fire elemental but does no damage.
The fire elemental closely misses you.
The orc sorcerer points at you and mumbles some strange words.
The bolt of negative energy hits the orc!!
The orc is drained!
The orc dies!
The bolt of negative energy hits you!!
You feel drained.
You die...

## ###### ########
.###.#).###.##...## ###
..#...............###.###
........<........###....##
........[.......@.##.....####
........[.....E#Y.###...###.####
.....))........°...#..####...#.##
.#..)...........°.).....#.......#
..#..#.........................##
................##.o##.....#.###
...........#.#.####e###.#.####
................#....######
...............#..°>..##


You could see a deep elf pyromancer, a fire elemental (summoned, ally target),
an orc sorcerer and a friendly ice beast (summoned).

Vanquished Creatures
  Josephine (Orc:1)
  A two-headed ogre (Orc:1)
  2 elephants (D:8)
  A kobold blastminer (Orc:2)
  A komodo dragon (D:8)
  A troll (D:9)
  2 hornets
  3 wraiths (Orc:1)
  2 wyverns (D:7)
  2 yaks (D:9)
  A warg (Orc:2)
  2 chaos spawn (D:9)
  3 water moccasins
  9 orc warriors
  An ice beast (D:8)
  3 black bears
  A sky beast (D:7)
  3 ogres
  A centaur (D:9)
  A phantom (D:5)
  2 kobold brigands
  5 bullfrogs
  2 gnoll sergeants
  7 scorpions
  4 killer bees (D:8)
  A howler monkey (D:9)
  A bombardier beetle (D:3)
  7 orc priests
  A sleepcap (D:7)
  3 hounds
  3 jellies
  A gnoll bouda (D:7)
  Jessica (D:2)
  2 iguanas
  Natasha (D:3)
  6 orc wizards
  10 adders
  13 gnolls
  A shadow imp (D:4)
  5 dart slugs
  2 ribbon worms
  34 orcs
  2 bats
  5 endoplasms
  5 giant cockroaches
  12 goblins
  6 hobgoblins
  13 kobolds
  3 quokkas
  8 ball pythons
  3 frilled lizards
  4 rats
214 creatures vanquished.

Vanquished Creatures (collateral kills)
  A wraith (D:9)
  A yak (D:9)
  A water moccasin (D:8)
3 creatures vanquished.

Vanquished Creatures (others)
  Ijyb (D:4)
  An orc (Orc:2)
2 creatures vanquished.

Grand Total: 219 creatures vanquished

Notes
Turn   | Place    | Note
-------+----------+-------------------------------------------
     0 | D:1      | jaazzh the Deep Elf Conjurer began the quest for the Orb.
     0 | D:1      | Reached XP level 1. HP: 10/10 MP: 6/6
   122 | D:1      | Reached XP level 2. HP: 15/15 MP: 4/8
   304 | D:1      | Learned a level 2 spell: Searing Ray
   318 | D:1      | You fall into a shaft and drop 1 floor!
   341 | D:2      | Found Noqudael's Weapon Boutique.
   586 | D:2      | Reached XP level 3. HP: 19/19 MP: 1/10
   735 | D:2      | Noticed Jessica
   739 | D:2      | Killed Jessica
   740 | D:2      | Reached XP level 4. HP: 24/24 MP: 6/11
   813 | D:2      | Reached skill level 4 in Spellcasting
   841 | D:2      | Found Vuanev's Distillery.
   852 | D:2      | Bought a potion of curing for 42 gold pieces
  1159 | D:3      | Noticed Grinder
  1214 | D:3      | Found a shimmering blue altar of Sif Muna.
  1223 | D:3      | Became a worshipper of Sif Muna the Loreminder
  1359 | D:3      | Reached skill level 5 in Conjurations
  1461 | D:3      | Noticed Natasha
  1465 | D:3      | Killed Natasha
  1517 | D:3      | Reached XP level 5. HP: 28/28 MP: 5/14
  1637 | D:3      | Reached skill level 5 in Spellcasting
  1763 | D:3      | Learned a level 3 spell: Hailstorm
  1772 | D:3      | Noticed Natasha
  1833 | D:3      | Found a snail-covered altar of Cheibriados.
  1899 | D:3      | Found a runed translucent door.
  1900 | D:3      | Noticed Crazy Yiuf
  1949 | D:3      | Found an ornate altar of the Wu Jian Council.
  2014 | D:3      | Found a faded altar of an unknown god.
  2143 | D:3      | Found an iron altar of Okawaru.
  2272 | D:4      | Noticed an ogre
  2278 | D:4      | Killed an ogre
  2279 | D:4      | Reached XP level 6. HP: 32/32 MP: 7/16
  2340 | D:4      | Found an opulent altar of Gozag.
  2541 | D:4      | Reached * piety under Sif Muna
  2584 | D:4      | Noticed Ijyb
  2659 | D:4      | Killed Ijyb
  2818 | D:4      | Reached skill level 6 in Spellcasting
  2818 | D:4      | Reached skill level 1 in Ice Magic
  3289 | D:4      | Learned a level 4 spell: Iskenderun's Mystic Blast
  3433 | D:4      | Identified the +6 sling "Giantslayer" {flame, rC+ MP+9
                  | Str+5 Int-2}
  3840 | D:5      | Entered Level 5 of the Dungeon
  3871 | D:5      | Reached skill level 1 in Translocations
  3963 | D:5      | Reached skill level 1 in Ranged Weapons
  4034 | D:5      | Noticed a water moccasin
  4042 | D:5      | Killed a water moccasin
  4043 | D:5      | Reached XP level 7. HP: 18/36 MP: 18/18
  4358 | D:5      | Identified the +1 ring mail "Poppec" {rN+}
  4415 | D:5      | Found a bloodstained altar of Trog.
  4632 | D:5      | Reached skill level 7 in Spellcasting
  4747 | D:5      | Reached XP level 8. HP: 41/41 MP: 20/20
  4862 | D:5      | Found an ancient bone altar of Kikubaaqudgha.
  5227 | D:6      | Reached ** piety under Sif Muna
  5606 | D:6      | Found Kus Cuth's Assorted Antiques.
  5719 | D:6      | Found a staircase to the Ecumenical Temple.
  5747 | Temple   | Entered the Ecumenical Temple
  5948 | D:7      | Reached skill level 8 in Spellcasting
  6092 | D:7      | Found a stormy altar of Qazlal.
  6168 | D:7      | Noticed a hornet
  6176 | D:7      | Killed a hornet
  6177 | D:7      | Reached skill level 5 in Ice Magic
  6182 | D:7      | Reached XP level 9. HP: 45/45 MP: 13/23
  6242 | D:7      | Reached skill level 5 in Translocations
  6355 | D:7      | Learned a level 3 spell: Summon Ice Beast
  6416 | D:7      | Reached skill level 9 in Spellcasting
  6416 | D:7      | Reached skill level 1 in Summonings
  6661 | D:7      | Found a hazy altar of Hepliaklqana.
  7053 | D:7      | Found a basalt altar of Yredelemnul.
  7056 | D:7      | Found a hide-covered altar of Uskayaw.
  7067 | D:7      | Found a radiant altar of Vehumet.
  7360 | D:8      | Found a sacrificial altar of Ru.
  7599 | D:8      | Found a glowing silver altar of Zin.
  7834 | D:8      | Reached *** piety under Sif Muna
  7977 | D:8      | Noticed a komodo dragon
  7984 | D:8      | Killed a komodo dragon
  7985 | D:8      | Reached skill level 10 in Spellcasting
  8039 | D:8      | Noticed an elephant
  8054 | D:8      | Killed an elephant
  8055 | D:8      | Reached XP level 10. HP: 50/50 MP: 18/26
  8151 | D:8      | Found a staircase to the Lair.
  8151 | D:8      | Noticed an elephant
  8157 | D:8      | Killed an elephant
  8403 | D:8      | Found a glowing golden altar of the Shining One.
  8521 | D:9      | Found a shimmering altar of Xom.
  8608 | D:9      | Found a sparkling altar of Nemelex Xobeh.
  8720 | D:9      | Found a blossoming altar of Fedhas.
  8747 | D:9      | Found a shadowy altar of Dithmenos.
  8758 | D:9      | Found a staircase to the Orcish Mines.
  8784 | D:9      | Reached skill level 5 in Summonings
  8881 | D:9      | Found a shimmering altar of Xom.
  8881 | D:9      | Found the +7 mace of Variability {chaos, chaos arc}
  8922 | D:9      | Reached skill level 11 in Spellcasting
  8987 | D:9      | Found a burning altar of Makhleb.
  9397 | Lair:1   | Entered Level 1 of the Lair of Beasts
  9397 | Lair:1   | Noticed Urug
  9450 | Orc:1    | Entered Level 1 of the Orcish Mines
  9553 | Orc:1    | Noticed Josephine
  9562 | Orc:1    | Killed Josephine
  9563 | Orc:1    | Reached skill level 5 in Dodging
  9565 | Orc:1    | Reached **** piety under Sif Muna
  9567 | Orc:1    | Noticed a two-headed ogre
  9576 | Orc:1    | Killed a two-headed ogre
  9577 | Orc:1    | Reached skill level 1 in Invocations
  9577 | Orc:1    | Reached XP level 11. HP: 54/54 MP: 6/28
 10006 | Orc:2    | Entered Level 2 of the Orcish Mines
 10271 | Orc:2    | Found a staircase to the Elven Halls.
 10350 | Orc:2    | Identified the +10 chain mail "Pitagyo" {Fly Will- Dex+5
                  | SInv}
 10357 | Orc:2    | Noticed a deep elf pyromancer
 10364 | Orc:2    | Noticed an orc sorcerer
 10383 | Orc:2    | Killed from afar by an orc sorcerer

Illustrated notes

Levels and vault maps discovered:
D:1:      dpeg_arrival_line_fractal, layout_rooms, nrook_mini_backslash
D:2:      layout_basic, serial_shops, shop, shop, uniq_jessica
D:3:      layout_rooms, cheibrodos_worm_habitat, mainiacjoe_overflow_24_doors,
          nicolae_overflow_crystal_walls, hellmonk_sif_muna_bookshelves,
          shapermc_ecumenical_altar_hornbeckon, serial_bayou_pond_d,
          uniq_grinder, uniq_natasha, uniq_crazy_yiuf_cottage
D:4:      minmay_bubble_buster, layout_basic,
          mainiacjoe_overflow_six_doors_small, mrwooster_statue_mirror,
          chequers_decorated_corner, chequers_serial_rivers_small_3, uniq_ijyb
D:5:      cheibrodos_helix_gallery, layout_gridville, trog_ov_bears_minmay,
          mainiacjoe_overflow_small_starburst, nicolae_underground_beach
D:6:      nicolae_BIG_FREAKIN_CUBE, layout_rooms, minmay_temple_entry_arrows,
          serial_shops, nicolae_shop_real_fake_doors
D:7:      layout_cave_pools, mainiacjoe_overflow_surrounded_room,
          mainiacjoe_overflow_catwalk, minmay_overflow_temple_star_quad,
          minivault_1
D:8:      layout_basic, tso_altar, nicolae_ru_awakened_eye, zin_statuary,
          grunt_lair_entry_orc_guard_hut
D:9:      layout_roguey, mainiacjoe_overflow_chevrons, lemuel_crystal_altar,
          lemuel_crystal_altar, mainiacjoe_overflow_alcove_1,
          mainiacjoe_overflow_paths, orc_0_dummy,
          minmay_guarded_unrand_variability
Temple:   ebering_the_none_and_only
Lair:1:   layout_chaotic_city, uniq_urug, uniq_nergalle, uniq_jeremiah
Orc:1:    layout_caves, uniq_erica, uniq_josephine
Orc:2:    st_orc_ogre_mass, layout_caves, elf_legates, uniq_saint_roka

Skill      XL: |  1  2  3  4  5  6  7  8  9 10 11 |
---------------+----------------------------------+-----
Stealth        | 3 |  3.5
Dodging        | 3 5 |  5.5
Spellcasting   | 4 5 6 7 8 10 11 | 11.0
Conjurations   | 5 6 7 8 9 |  9.4
Ice Magic      | 2 3 5 6 9 |  9.3
Translocations | 1 3 4 6 7 |  7.5
Ranged Weapons | 1 3 |  3.1
Summonings     | 4 5 |  5.3
Invocations    | 1 3 |  3.0

Action                     |  1- 3 |  4- 6 |  7- 9 | 10-12 || total
---------------------------+-------+-------+-------+-------++-------
  Melee: Unarmed           |       |     9 |       |       ||     9
   Fire: Sling             |       |     3 |       |       ||     3
   Cast: Magic Dart        |    46 |    78 |    66 |    46 ||   236
         Searing Ray       |     1 |    21 |    46 |    23 ||    91
         Hailstorm         |       |     3 |    14 |    34 ||    51
         Iskenderun's Myst |       |       |    16 |    50 ||    66
         Summon Ice Beast  |       |       |     5 |     7 ||    12
 Invoke: Channel Magic     |       |       |     1 |       ||     1
    Use: Potion            |       |     1 |       |     2 ||     3
         Scroll            |       |       |     4 |     1 ||     5
 Armour: Robe              |     5 |    19 |    30 |    17 ||    71
         Skin              |       |     5 |       |       ||     5
  Dodge: Dodged            |       |    22 |    16 |    22 ||    60
